 Dungeon Crawl Stone Soup version 0.17-a0-1863-g715b4b0 (webtiles) character file.

206 mcbry74 the Magician (level 5, -1/28 HPs)
             Began as a Deep Elf Wizard on Sept 20, 2015.
             Slain by a giant gecko (4 damage)
             ... on level 4 of the Dungeon.
             The game lasted 00:36:29 (4210 turns).

mcbry74 the Magician (Deep Elf Wizard)              Turns: 4210, Time: 00:36:37

Health: -1/28      AC: -2    Str:  4    XL:     5   Next: 53%
Magic:  0/24       EV: 13    Int: 24    God:
Gold:   183        SH:  0    Dex: 13    Spells: 6 memorised, 4 levels left

rFire  . . .     SeeInvis .     g - +0 short sword
rCold  . . .     Clarity  .     a - +0 robe
rNeg   . . .     SustAt   .     (no shield)
rPois  .         Gourm    .     b - +1 hat
rElec  .         Spirit   +     x - +0 cloak
rCorr  .         Warding  .     (no gloves)
rMut   .         Stasis   .     (no boots)
MR     .....                    j - amulet of guardian spirit
Stlth  ++........               f - ring of magical power
                                m - -6 ring of protection (curse)

@: not resistant to hostile enchantments, unstealthy
A: no striking features
a: no special abilities


You were on level 4 of the Dungeon.
You were near starving.

You visited 1 branch of the dungeon, and saw 4 of its levels.

You collected 183 gold pieces.

Inventory:

Hand weapons
 g - a +0 short sword (weapon)
Missiles
 p - 4 curare-tipped needles
Armour
 a - a +0 robe (worn)
 b - a +1 hat (worn)
 x - a +0 cloak (worn)
Jewellery
 f - a ring of magical power (right hand)
 j - an amulet of guardian spirit (around neck)
 m - a cursed -6 ring of protection (left hand)
 q - an uncursed ring of protection from magic {unknown}
Magical devices
 w - a wand of cold (15)
Scrolls
 e - 2 scrolls of fog
 o - a scroll of fear
 r - 2 scrolls of teleportation
 s - a scroll of recharging
Potions
 i - a potion of invisibility {unknown}
 k - a potion of curing {unknown}
 l - 2 potions of agility {unknown}
 v - a potion of magic {unknown}
Books
 c - a book of Minor Magic

   Spells                             Type                      Level
   a - Magic Dart                     Conjuration                  1
   b - Blink                          Translocation                2
   c - Call Imp                       Summoning                    2
   d - Repel Missiles                 Charms/Air                   2
   e - Slow                           Hexes                        2
   f - Conjure Flame                  Conjuration/Fire             3
   g - Mephitic Cloud                 Conjuration/Poison/Air       3
 u - a Young Poisoner's Handbook

   Spells                             Type                      Level
   a - Sting                          Conjuration/Poison           1
   b - Cure Poison                    Poison                       2
   c - Mephitic Cloud                 Conjuration/Poison/Air       3
   d - Olgreb's Toxic Radiance        Poison                       4
   e - Venom Bolt                     Conjuration/Poison           5
Comestibles
 d - 2 bread rations
 h - a meat ration
 n - a beef jerky


   Skills:
 + Level 0.1 Fighting
 + Level 3.4 Dodging
 + Level 3.1 Stealth
 + Level 6.3 Spellcasting
 + Level 2.4 Conjurations
 + Level 1.5 Summonings
 + Level 1.2 Translocations
 + Level 1.2 Fire Magic
 + Level 0.4 Air Magic
 + Level 0.4 Poison Magic
 + Level 0.7 Evocations


You had 4 spell levels left.
You knew the following spells:

 Your Spells              Type           Power        Failure   Level  Hunger
a - Magic Dart            Conj           ###.         2%          1    None
b - Call Imp              Summ           ###.....     8%          2    None
c - Blink                 Tloc           N/A          10%         2    None
d - Mephitic Cloud        Conj/Pois/Air  ##......     17%         3    None
e - Conjure Flame         Conj/Fire      ###.....     14%         3    None
f - Sting                 Conj/Pois      ##..         4%          1    None


Dungeon Overview and Level Annotations

Branches:
Dungeon (4/15)
 Temple: D:4-7

Altars:
Dithmenos
Qazlal
The Shining One


Message History

* * * LOW HITPOINT WARNING * * *
The giant gecko hisses menacingly.
The giant gecko closely misses you. The giant gecko bites you.
* * * LOW HITPOINT WARNING * * *
The giant gecko misses you. The giant gecko bites you.
* * * LOW HITPOINT WARNING * * *
The giant gecko completely misses you.
The crimson imp blinks!
The giant gecko barely misses you. The giant gecko closely misses you.
The giant gecko closely misses you.
Casting: Magic Dart
Confirm with . or Enter, or press ? or * to list all spells.
A beastly little devil appears in a puff of frigid air.
The giant gecko bites you.
* * * LOW HITPOINT WARNING * * *
The giant gecko bites you.
You die...

#....# #..# .)...# ##.##
.....# #..# #####.#
...).### ##.# #.....#
.......# #.## ###.#
.......####..###...#######
...............5.........+
.......#####..##l#.#######
.....)......#.##@#.#
............#..#.#.#
####........##'#'#'##
#................# ##
#................# .#
##...............# .##
#...............#
..###.......####+#+##
............#


You could see a giant gecko and a friendly white imp.

Vanquished Creatures
  An orc priest (D:3)
  2 worker ants (D:4)
  5 adders
  2 worms
  2 giant geckos
  An orc (D:3)
  9 bats
  5 giant cockroaches
  4 hobgoblins
  3 jackals (D:2)
  A giant newt (D:1)
  4 goblins
  3 kobolds
  A quokka (D:3)
  7 rats
50 creatures vanquished.

Vanquished Creatures (collateral kills)
  4 adders
  An orc (D:3)
  A bat (D:2)
  3 hobgoblins
  5 jackals
  A goblin (D:2)
  A kobold (D:2)
  A rat (D:2)
17 creatures vanquished.

Vanquished Creatures (others)
  A goblin (D:2)
1 creature vanquished.

Grand Total: 68 creatures vanquished

Notes
Turn   | Place    | Note
--------------------------------------------------------------
     0 | D:1      | mcbry74 the Deep Elf Wizard began the quest for the Orb.
     0 | D:1      | Reached XP level 1. HP: 10/10 MP: 7/7
   373 | D:1      | Reached XP level 2. HP: 6/15 MP: 6/9
   551 | D:1      | Learned a level 2 spell: Call Imp
   554 | D:1      | Learned a level 2 spell: Blink
   905 | D:1      | Reached skill level 5 in Spellcasting
  1080 | D:2      | Reached XP level 3. HP: 16/19 MP: 8/11
  1286 | D:2      | Learned a level 3 spell: Mephitic Cloud
  1292 | D:2      | Learned a level 3 spell: Conjure Flame
  2089 | D:2      | Found a stormy altar of Qazlal.
  2198 | D:2      | Found a shadowy altar of Dithmenos.
  2679 | D:3      | Reached XP level 4. HP: 24/24 MP: 9/13
  2713 | D:3      | Learned a level 1 spell: Sting
  2978 | D:3      | Reached skill level 1 in Fire Magic
  3559 | D:4      | Reached skill level 6 in Spellcasting
  3559 | D:4      | Reached XP level 5. HP: 24/28 MP: 15/15
  3708 | D:4      | Found a glowing golden altar of the Shining One.
  4210 | D:4      | Slain by a giant gecko

Vault maps used:
D:1:      lightli_arrival_statuegarden
D:2:      grunt_dithmenos_smoke, grunt_qazlal_clouds
D:4:      minmay_temple_entry_overgrown, first_bread, serial_shops,
          shop_scrolls, tso_metal_star

Action                   |  1- 3 |  4- 6 || total
-------------------------+-------+-------++-------
Melee: Short sword       |    32 |    46 ||    78
 Cast: Magic Dart        |    48 |    42 ||    90
       Call Imp          |    11 |     5 ||    16
       Conjure Flame     |     4 |     1 ||     5
       Mephitic Cloud    |     2 |       ||     2
       Sting             |       |    24 ||    24
Evoke: Wand              |       |     3 ||     3
  Use: Scroll            |     2 |     6 ||     8
       Potion            |     2 |       ||     2
 Stab: Distracted        |     1 |       ||     1
  Eat: Chunk             |     1 |     3 ||     4
       Bread ration      |     1 |       ||     1
